 Dungeon Crawl Stone Soup version 0.25-a0-578-gc91f01c (webtiles) character file.

Game seed: 4777554507924501628, levelgen mode: deterministic

534 Qwertybanana the Poker (level 7, -4/59 HPs)
             Began as a Minotaur Gladiator on Mar 3, 2020.
             Was an Initiate of Ru.
             Shot with an arrow by a centaur (8 damage)
             ... on level 5 of the Dungeon.
             The game lasted 00:46:42 (5289 turns).

Qwertybanana the Poker (Minotaur Gladiator)         Turns: 5289, Time: 00:46:42

Health: -4/59      AC:  5    Str: 19    XL:     7   Next: 4%
Magic:  6/6        EV: 13    Int:  5    God:    Ru [......]
Gold:   242        SH:  0    Dex: 13    Spells: 6/6 levels left

rFire    x . .     SeeInvis .   a - +0 trident
rCold    + . .     Gourm    .   (no shield)
rNeg     . . .     Faith    .   J - +0 ring mail (curse)
rPois    .         Spirit   .   c - +0 hat
rElec    .         Reflect  .   (no cloak)
rCorr    .         Harm     .   (no gloves)
MR       .....                  (no boots)
Stlth    +.........             P - amulet of regeneration
HPRegen  0.59/turn              O - ring of ice
MPRegen  0.10/turn              (no ring)

@: no status effects
A: retaliatory headbutt, horns 2
a: Sacrifice Essence, Sacrifice an Eye, Sacrifice Arcana, Reject Sacrifices,
Renounce Religion


You were on level 5 of the Dungeon.
You worshipped Ru.
Ru was noncommittal.
You were not hungry.

You visited 2 branches of the dungeon, and saw 6 of its levels.

You collected 242 gold pieces.

Inventory:

Hand Weapons
 a - a +0 trident (weapon)
 g - a +0 hunting sling
 i - a +0 whip
 j - a +0 shortbow
 k - a +0 short sword
 m - a +0 club
 p - a +0 flail
 E - a +0 hand axe
 F - a +0 short sword
 H - a +0 spear
 K - a +0 halberd
 Q - a +0 dagger
 R - a +0 arbalest
Missiles
 d - 3 throwing nets
 n - 54 bolts
 q - 47 poisoned darts
 r - 30 sling bullets
 s - 38 arrows
 u - 101 stones (quivered)
 G - 3 boomerangs
Armour
 b - a +0 leather armour
 c - a +0 hat (worn)
 o - a +0 scale mail
 C - a +0 leather armour
 D - a +0 robe
 J - a cursed +0 ring mail (worn)
Jewellery
 O - a ring of ice (left hand)
 P - an amulet of regeneration (around neck)
Scrolls
 h - a scroll of immolation {unknown}
 t - 3 scrolls of remove curse {unknown}
 v - 3 scrolls of enchant armour {unknown}
 w - 6 scrolls of teleportation {unknown}
 I - a scroll of blinking {unknown}
 M - 4 scrolls of enchant weapon {unknown}
 N - 6 scrolls of identify {unknown}
 X - a scroll of fog {unknown}
Potions
 e - 2 potions of haste
 Y - a potion of degeneration {unknown}
 Z - a potion of brilliance {unknown}
Comestibles
 f - 5 rations
 l - a chunk of flesh


   Skills:
 + Level 4.2 Fighting
 + Level 6.8 Polearms
 + Level 2.7 Throwing
 + Level 3.7 Armour
 + Level 4.3 Dodging
 + Level 0.4 Stealth


You had 6 spell levels left.
You didn't know any spells.
Your spell library was empty.

Dungeon Overview and Level Annotations

Branches:
Dungeon (5/15)             Temple (1/1) D:5

Altars:
Ashenzari
Cheibriados
Dithmenos
Elyvilon
Fedhas
Gozag
Hepliaklqana
Kikubaaqudgha
Nemelex Xobeh
Okawaru
Qazlal
Ru
Trog
Uskayaw
Vehumet
Wu Jian
Xom
Yredelemnul
Zin
The Shining One


Innate Abilities, Weirdness & Mutations

You reflexively headbutt those who attack you in melee.
You have a pair of horns on your head.


Message History

Throwing (i - inventory. (/) - cycle)
u - 103 stones (quivered)
Press: ? - help, Shift-Dir - straight line, f - centaur
Aim: a centaur, wielding a +0 shortbow and quivering 25 arrows You throw a stone.
The stone barely misses the centaur.
The centaur shoots an arrow.
The arrow hits you!
Throwing (i - inventory. (/) - cycle)
u - 102 stones (quivered)
Press: ? - help, Shift-Dir - straight line, f/p - centaur
Aim: a centaur, wielding a +0 shortbow and quivering 24 arrows You throw a stone.
The stone hits the centaur but does no damage.
The centaur shoots an arrow.
The arrow hits you!
The centaur shoots an arrow.
The arrow hits you.
* * * LOW HITPOINT WARNING * * *
Things that are here:
3 arrows; a sedimented yellow potion The centaur shoots an arrow.
The arrow hits you!
* * * LOW HITPOINT WARNING * * *
You see here an arrow.
The centaur shoots an arrow.
The arrow hits you!
You die...

.>...+
#+#####....#
##....##....#
#.....#.....#
#.....#.....# +
#.....#.(?..##).
##....##(.......
##....##(.......
#.......@.....>.
#......รท.....c..
###'####....##..
##....##....# (
#......#.......
#......#......>.
#......#........
##....##....##..
#.....##...$# ##


You could see a centaur.

Vanquished Creatures
  A centaur (D:5)
  2 crimson imps
  A bullfrog skeleton (D:4)
  Natasha (thrice) (D:4)
  2 worker ants
  2 hound skeletons (D:4)
  8 gnolls
  4 adders
  An adder skeleton (D:4)
  2 worms (D:2)
  2 dart slugs (D:1)
  3 leopard geckos
  4 orcs
  4 giant cockroaches
  5 goblins
  11 hobgoblins
  2 jackals (D:1)
  12 kobolds
  A quokka (D:3)
  14 bats
  4 frilled lizards
  A leopard gecko skeleton (D:4)
  8 rats
  A bush (D:3)
98 creatures vanquished.

Notes
Turn   | Place    | Note
-------+----------+-------------------------------------------
     0 | D:1      | Qwertybanana the Minotaur Gladiator began the quest for the
                  | Orb.
     0 | D:1      | Reached XP level 1. HP: 18/18 MP: 0/0
    28 | D:1      | Reached skill level 4 in Polearms
    70 | D:1      | Reached XP level 2. HP: 18/25 MP: 1/1
   587 | D:1      | Reached XP level 3. HP: 30/30 MP: 2/2
  1358 | D:2      | Reached skill level 1 in Armour
  1358 | D:2      | Reached XP level 4. HP: 36/37 MP: 3/3
  1733 | D:2      | Found a radiant altar of Vehumet.
  1741 | D:2      | Found a sacrificial altar of Ru.
  1754 | D:2      | Became a worshipper of Ru the Awakened
  1759 | D:2      | Found a shimmering altar of Xom.
  2433 | D:3      | Found an opulent altar of Gozag.
  2569 | D:3      | Found a hazy altar of Hepliaklqana.
  2648 | D:3      | Reached skill level 5 in Polearms
  2707 | D:3      | Reached XP level 5. HP: 20/44 MP: 4/4
  2720 | D:3      | HP: 2/44 [gnoll/+0 spear (8)]
  3971 | D:4      | Noticed Natasha
  3984 | D:4      | Killed Natasha
  4036 | D:4      | Reached XP level 6. HP: 51/51 MP: 5/5
  4094 | D:4      | Reached skill level 6 in Polearms
  4113 | D:4      | Noticed Natasha
  4121 | D:4      | Killed Natasha
  4214 | D:4      | Noticed Natasha
  4230 | D:4      | Killed Natasha
  4619 | D:5      | Entered Level 5 of the Dungeon
  4674 | D:5      | HP: 2/52 [centaur (3)]
  4885 | D:5      | Found a staircase to the Ecumenical Temple.
  4894 | Temple   | Entered the Ecumenical Temple
  5247 | D:5      | Reached XP level 7. HP: 59/59 MP: 6/6
  5289 | D:5      | Shot with an arrow by a centaur

Levels and vault maps discovered:
D:1:      minmay_arrival_four_houses, layout_rooms, minmay_misc_feat_cross
D:2:      layout_basic, minmay_overflow_temple_star_quad, minmay_heptomino_w4
D:3:      layout_rooms, old_standard_altar, serial_forest,
          infiniplex_forest_lined_room_, infiniplex_forest_clump_small,
          infiniplex_forest_lined_corner, infiniplex_forest_diagonal,
          infiniplex_forest_zigzag_1, infiniplex_forest_clump_diagonal,
          grunt_gozag_statues
D:4:      layout_loops_ring, first_ration, uniq_natasha
D:5:      layout_gridville, lemuel_temple_firewalk_b
Temple:   eino_temple_scatter_basement

Skill      XL: |  1  2  3  4  5  6 |
---------------+-------------------+-----
Polearms       | 4 5 6 |  6.8
Armour         | 1 3 |  3.7
Dodging        | 4 |  4.3
Fighting       | 3 4 |  4.2
Throwing       | |  2.7
Stealth        | |  0.4

Action                   |  1- 3 |  4- 6 |  7- 9 || total
-------------------------+-------+-------+-------++-------
Melee: Trident           |    92 |   184 |       ||   276
       Headbutt          |     9 |    58 |       ||    67
Throw: Stone             |    11 |    40 |     2 ||    53
       Throwing net      |     2 |       |       ||     2
  Use: Potion            |       |     8 |       ||     8
  Eat: Chunk             |       |     4 |       ||     4
       Ration            |       |     3 |       ||     3
Armor: Leather armour    |    31 |     3 |       ||    34
       Ring mail         |       |    36 |     1 ||    37
Dodge: Dodged            |    99 |   112 |       ||   211

Table legend:
 A = Non-vault XP
 B = Vault XP
 C = Vault XP percentage of total XP
 D = Non-vault monster count
 E = Vault monster count
 F = Vault count percentage of total count
                 A         B        C        D         E       F
            +---------+---------+-------+---------+---------+-------
      Total |     694 |      69 |   9.0 |      87 |      10 |  10.3
            +---------+---------+-------+---------+---------+-------
        D:1 |      75 |       0 |   0.0 |      36 |       0 |   0.0
        D:2 |      13 |      33 |  71.7 |       9 |       9 |  50.0
        D:3 |     127 |       0 |   0.0 |      23 |       0 |   0.0
        D:4 |     269 |      36 |  11.8 |      14 |       1 |   6.7
        D:5 |     210 |       0 |   0.0 |       5 |       0 |   0.0
            +---------+---------+-------+---------+---------+-------
